Map: Central Protocol

Players

MorN - Winner!

  • Race: Terran Terran
  • League: Diamond

Kawaii

  • Race: Terran Terran
  • League: Diamond

VOD

Have the link to the VOD?

Description

Time

  • Played on: Nov. 12, 2015, 10:33 p.m.
  • Length: 2:52
Show
View Real Time Build Order
Export as new Build Order

MorN Terran - Winner!

Build Orders: 1/1/1 

Get SALT Encoding   

  12  0:01  SCV  
  13  0:13  SCV  
  14  0:18  Supply Depot  
  14  0:25  SCV  
  15  0:28  Refinery  
  15  0:40  SCV  
  16  0:46  Barracks  
  16  0:52  SCV  
  17  1:04  SCV  
  18  1:16  SCV  
  19  1:33  Orbital Command  
  19  1:34  Factory, Marine  
  20  1:52  Marine  
  21  1:55  Supply Depot  
  21  1:59  SCV  
  22  2:02  Refinery  
  22  2:11  Marine  
  22  2:15  Bunker  
  23  2:18  Hellion  
  24  2:26  Starport  
  24  2:29  Marine  
Show
View Real Time Build Order
Export as new Build Order

Kawaii Terran 

Build Orders:  

Get SALT Encoding   

  12  0:10  Supply Depot  
  12  0:18  Refinery  
  12  0:34  Barracks  
  12  1:02  Barracks  
  12  1:21  Reaper  
  13  1:29  Refinery  
  13  1:37  SCV  
  15  1:54  Reaper x2  
Tags
 
Matchup
TvT
Opening
1/1/1
Race
Terran
Replay Pack
MorN pack 1
Add a new tag
Caveats
  • Supply blocks, unpowered buildings, or Contaminate may cause inaccurate times.
  • Supply counts are checked every 10 seconds.